AoeStats
← Khirs

African Clearing

504560013Analyzed
4v4 RM · 26d ago on Sep 5, 2026· 71m 18s· 8 players
Game mode
Random Map
Map size
Large (8 player)
Population
200
Speed
Normal
Resources
Standard
Victory
Conquest
Starting age
Dark Age
Ending age
Imperial Age
RankedLock teamsTeams togetherTeam positionsShared explorationLock speedFull tech treeHidden civsTurbo modeCheats
Victory
Defeat
🇨🇳 Georgians · China
896
+12
🇪🇸 Chinese · Spain
876
+13
🇹🇼 Japanese · Taiwan
754
+18
🇺🇸 Vietnamese · United States
690
+19
🇩🇪 Mongols · Germany
851
-31
🇭🇷 Khmer · Croatia
800
-16
🇱🇧 Tatars · Lebanon
781
-15
🇫🇷 Britons · France
743
-13
sheya1
15:23 Feudal Age
17:17 Loom
17:22 Double-Bit Axe
19:22 Wheelbarrow
18:44 Horse Collar
21:14 Bloodlines
26:21 Castle Age
26:32 Forging
26:54 Gold Mining
27:36 Bow Saw
27:30 Heavy Plow
28:33 Stone Mining
29:34 Scale Barding Armor
31:18 Stone Shaft Mining
32:32 Gold Shaft Mining
34:17 Husbandry
34:43 Hand Cart
38:50 Iron Casting
42:26 Murder Holes
46:23 Imperial Age
43:57 Town Watch
46:39 Chain Barding Armor
47:51 Tusk Swords
49:30 Crop Rotation
49:54 Town Patrol
49:18 Elite Battle Elephant
50:48 Double Crossbow
53:51 Plate Barding Armor
54:19 Blast Furnace
56:34 Chemistry
55:20 Elite Ballista Elephant
zabreyski
15:20 Feudal Age
22:24 Castle Age
20:38 Double-Bit Axe
22:11 Forging
22:06 Scale Barding Armor
23:16 Wheelbarrow
24:01 Gold Mining
32:57 Scale Barding Armor
33:27 Iron Casting
33:01 Husbandry
37:10 Imperial Age
35:09 Chain Barding Armor
34:57 Stone Mining
36:55 Hand Cart
37:07 Fletching
39:20 Plate Barding Armor
39:47 Blast Furnace
38:20 Cavalier
40:42 Bow Saw
40:38 Bodkin Arrow
40:43 Padded Archer Armor
40:50 Heavy Camel Rider
43:41 Elite Skirmisher
46:15 Leather Archer Armor
46:00 Bracer
46:01 Scale Mail Armor
48:48 Conscription
50:40 Elite Keshik
52:08 Gold Shaft Mining
52:14 Crossbowman
57:06 Bloodlines
Johann Gustav
14:32 Feudal Age
17:48 Wheelbarrow
25:18 Castle Age
27:38 Pikeman
33:39 Padded Archer Armor
50:23 Imperial Age
50:52 Elite Mangudai
54:42 Onager
Micho
4:51 Loom
16:52 Feudal Age
22:12 Castle Age
23:28 Pikeman
27:51 Double-Bit Axe
34:33 Gold Mining
34:37 Stone Mining
38:59 Padded Archer Armor
38:50 Fletching
46:09 Imperial Age
54:08 Bow Saw
54:38 Bodkin Arrow
54:59 Leather Archer Armor
54:23 Halberdier
60:30 Ring Archer Armor
60:00 Bracer
60:47 Ballistics
61:28 Chemistry
risendragongaming
7:32 Loom
14:33 Feudal Age
15:59 Man-at-Arms
22:11 Padded Archer Armor
23:17 Wheelbarrow
23:58 Fletching
27:44 Castle Age
27:13 Scale Mail Armor
27:24 Forging
26:58 Horse Collar
27:04 Double-Bit Axe
27:12 Gold Mining
27:13 Stone Mining
28:41 Pikeman
28:55 Crossbowman
29:33 Bodkin Arrow
29:54 Leather Archer Armor
31:28 Scale Barding Armor
31:59 Iron Casting
37:34 Thumb Ring
40:51 Imperial Age
39:53 Squires
39:38 Arson
42:04 Bracer
43:24 Hand Cart
46:07 Halberdier
47:05 Bloodlines
46:55 Husbandry
51:50 Chemistry
51:40 Onager
51:53 Long Swordsman
51:57 Elite Fire Lancer
54:09 Chain Mail Armor
54:55 Stone Shaft Mining
57:28 Chatras
57:48 Paper Money
57:42 Murder Holes
58:10 Ballistics
57:33 Treadmill Crane
60:25 Plate Mail Armor
63:33 Ring Archer Armor
Khirs
8:09 Loom
19:35 Feudal Age
20:15 Double-Bit Axe
20:15 Horse Collar
21:13 Wheelbarrow
30:29 Castle Age
28:53 Scale Mail Armor
28:52 Stone Mining
29:25 Gold Mining
30:00 Fletching
32:07 Stone Shaft Mining
31:49 Bow Saw
32:22 Bodkin Arrow
33:22 Heavy Plow
32:51 Pikeman
35:22 Padded Archer Armor
36:31 Great Wall
37:55 Leather Archer Armor
40:43 Forging
41:47 Murder Holes
45:05 Imperial Age
44:16 Iron Casting
45:12 Thumb Ring
45:32 Ballistics
47:18 Chemistry
45:50 Halberdier
47:38 Masonry
49:07 Chain Mail Armor
50:49 Ring Archer Armor
51:16 Elite Skirmisher
52:22 Conscription
54:09 Architecture
55:31 Bracer
56:02 Plate Mail Armor
57:06 Rocketry
56:40 Capped Ram
60:18 Blast Furnace
tadasu
13:56 Loom
17:50 Feudal Age
19:09 Wheelbarrow
18:23 Double-Bit Axe
20:01 Horse Collar
22:47 Gold Mining
22:51 Stone Mining
22:51 Fishing Lines
28:22 Castle Age
29:05 Gillnets
29:20 Heavy Plow
29:32 Bow Saw
29:59 Gold Shaft Mining
30:01 Hand Cart
33:57 Fervor
36:21 Imperial Age
33:43 Arson
33:59 Squires
38:37 Two-Man Saw
38:07 Kataparuto
39:25 Siege Engineers
40:21 Chemistry
39:36 Forging
39:26 Scale Mail Armor
41:07 Caravan
41:40 Conscription
42:07 Elite Samurai
43:09 Chain Mail Armor
44:55 Plate Mail Armor
45:01 Iron Casting
46:05 Padded Archer Armor
48:00 Blast Furnace
51:20 Leather Archer Armor
60:15 Ring Archer Armor
62:24 Block Printing
62:31 Sanctity
YuriPsychoControl
10:59 Loom
14:07 Feudal Age
16:35 Double-Bit Axe
18:35 Wheelbarrow
23:56 Castle Age
22:13 Forging
23:25 Bloodlines
23:04 Horse Collar
24:15 Scale Barding Armor
24:53 Heavy Plow
24:29 Light Cavalry
26:20 Bow Saw
28:39 Fletching
29:57 Bodkin Arrow
33:20 Iron Casting
33:08 Chain Barding Armor
34:35 Ballistics
44:25 Imperial Age
42:13 Hand Cart
43:04 Iron Casting
44:36 Elite Skirmisher
44:37 Heavy Cavalry Archer
45:19 Bracer
46:34 Parthian Tactics
48:05 Chemistry
47:19 Elite Skirmisher
48:48 Padded Archer Armor
49:14 Elite Monaspa
51:27 Leather Archer Armor
50:36 Imperial Skirmisher
53:11 Blast Furnace
52:07 Gold Mining
53:00 Aznauri Cavalry
54:01 Plate Barding Armor
54:15 Conscription
54:18 Imperial Skirmisher
57:08 Town Watch
65:13 Plate Barding Armor
Connection lost

Rejoining the realm…

Still unreachable

The connection could not be restored.

Session expired

The server has moved on; the page needs a fresh start.